 Dungeon Crawl Stone Soup version 0.13-a0-2772-g9cbdda8 (webtiles) character file.

16224 Gruud the Spear-Bearer (level 12, -6/95 HPs)
             Began as a Djinni Fighter on Aug 23, 2013.
             Was an Elder of Kikubaaqudgha.
             Mangled by a hill giant
             ... wielding a +0,+0 giant club
              (34 damage)
             ... on Level 13 of the Dungeon.
             The game lasted 01:11:24 (11877 turns).

Gruud the Spear-Bearer (Djinni Fighter)            Turns: 11877, Time: 01:11:25

HP  -6/95        AC 17     Str 18      XL: 12   Next:  3%
MP   0/0         EV  7     Int 12      God: Kikubaaqudgha [****..]
Gold 533         SH  0     Dex 13      Spells:  4 memorised,  3 levels left

Res.Fire  : + + +   See Invis. : .   a - +3,+5 halberd (elec)
Res.Cold  : + . .   Warding    : .   p - +1 elf chain mail
Life Prot.: + + +   Conserve   : .   (no shield)
Res.Poison: .       Res.Corr.  : .   M - +0 helmet
Res.Elec. : .       Clarity    : .   h - +2 cloak
Sust.Abil.: . .     Spirit.Shd : .   (no gloves)
Res.Mut.  : .       Stasis     : .   (boots unavailable)
Res.Rott. : .       Flight     : .   (no amulet)
Saprovore : . . .                    x - ring of ice
                                     t - ring of ice

@: somewhat resistant to hostile enchantments, extremely unstealthy
A: fire immunity, cold vulnerability, life protection 3
a: Receive Corpses, Renounce Religion


You were on level 13 of the Dungeon.
You worshipped Kikubaaqudgha.
Kikubaaqudgha was extremely pleased with you.
You were not hungry.

You visited 2 branches of the dungeon, and saw 14 of its levels.
You also visited: Ossuary and Bailey.

You collected 906 gold pieces.
You spent 393 gold pieces at shops.

Inventory:

Hand weapons
 a - a +3,+5 halberd of electrocution (weapon)
 b - a -1,+3 orcish halberd of protection
 D - a +2,+1 trident
 L - a +0 blowgun
Missiles
 u - 50 poisoned needles
 w - 7 javelins of penetration (quivered)
Armour
 c - a +0 shield
 h - a +2 cloak (worn)
 p - a +1 elven chain mail (worn)
 M - a +0 helmet (worn)
Magical devices
 g - a wand of fire (2)
 s - a wand of confusion (13)
 G - a wand of random effects (16)
 H - a wand of digging (12)
 K - a wand of fireball (5)
Comestibles
 q - 5 chunks of wyvern flesh
 v - a chunk of hound flesh
 F - 2 chunks of elf flesh
 N - a chunk of big kobold flesh
Scrolls
 f - 3 scrolls of teleportation
 i - 2 scrolls of amnesia
 j - a scroll of magic mapping
 m - 6 scrolls of remove curse
 n - 4 scrolls of fear
 o - 4 scrolls of identify
 r - 3 scrolls of fog
 y - a scroll of immolation
Jewellery
 t - a ring of ice (left hand)
 x - a ring of ice (right hand)
Potions
 k - a potion of flight
 l - a potion of agility
 z - 2 potions of magic
 B - a potion of berserk rage
 C - a potion of might
 I - 3 potions of curing
 J - a potion of restore abilities
 O - a potion of brilliance
Books
 e - Kikubaaqudgha's Collected Works on Dark Secrets
   (Kikubaaqudgha gifted it to you on level 9 of the Dungeon)

   Spells                             Type                      Level
   *Animate Skeleton                  Necromancy                   1
   Lethal Infusion                    Charms/Necromancy            2
   *Sublimation of Blood              Necromancy                   2
   Vampiric Draining                  Necromancy                   3
   Control Undead                     Necromancy                   4
 A - a book of Wizardry

   Spells                             Type                      Level
   Summon Elemental                   Summoning                    4
   Agony                              Necromancy                   5
   Force Lance                        Conjuration                  5
   Fireball                           Conjuration/Fire             5
   Haste                              Charms                       6
   Invisibility                       Hexes                        6
 E - a book of the Dragon

   Spells                             Type                      Level
   Flight                             Charms/Air                   3
   Cause Fear                         Hexes                        4
   Bolt of Fire                       Conjuration/Fire             6
   Dragon Form                        Transmutation                7
   Summon Dragon                      Summoning                    9
 P - Kikubaaqudgha's Reference Book on Dark Arts
   (Kikubaaqudgha gifted it to you on level 11 of the Dungeon)

   Spells                             Type                      Level
   *Animate Dead                      Necromancy                   4
   Agony                              Necromancy                   5
   Dispel Undead                      Necromancy                   5
   Bolt of Draining                   Conjuration/Necromancy       6
   Simulacrum                         Ice/Necromancy               6
Miscellaneous
 d - a fan of gales


   Skills:
 - Level 2.6 Fighting
 - Level 13.0 Polearms
 - Level 10.0 Armour
 * Level 2.7 Dodging
   Level 3.0 Shields
 * Level 9.3 Necromancy
 - Level 7.4 Evocations


You had 3 spell levels left.
You knew the following spells:

 Your Spells              Type           Power        Failure   Level  Hunger
a - Animate Skeleton      Necr           N/A          2%          1    ##.....
b - Apportation           Tloc           #.........   94%         1    ##.....
c - Sublimation of Blood  Necr           ###.......   4%          2    ###....
d - Animate Dead          Necr           N/A          30%         4    #####..


Dungeon Overview and Level Annotations

Branches:
Dungeon (13/27)            Temple (1/1) D:7             Orc (0/4) D:11
   Lair: D:8-13

Altars:
Ashenzari
Cheibriados
Elyvilon
Fedhas
Kikubaaqudgha
Makhleb
Nemelex Xobeh
Okawaru
Sif Muna
Xom
Yredelemnul

Shops:
D:10: *

Portals:
Ziggurat: D:12 (3280 gp)

Annotations
D:4 disskorpion's ghost, average GrMo
D:5 zkyp's ghost, experienced DrTm


Innate Abilities, Weirdness & Mutations

You are immune to all types of fire, even holy and hellish.
You are vulnerable to cold.
You need no food.
You have no legs.
You are immune to negative energy.


Message History

The hill giant is severely wounded.
The hill giant hits you with a giant club!
Your magical contamination has completely faded away.
You hit the hill giant but do no damage.
The hill giant is severely wounded.
You hit the hill giant.
The hill giant is severely wounded.
The hill giant hits you with a giant club.
You barely miss the hill giant.
The hill giant is severely wounded.
You barely miss the hill giant.
The hill giant is severely wounded.
The hill giant hits you with a giant club!
* * * LOW HITPOINT WARNING * * *
The skeletal warrior closely misses you.
You slash the hill giant!
The hill giant is almost dead.
The hill giant hits you with a giant club!
You die...
Kikubaaqudgha rasps: "You have failed me!
Welcome... death!"

#<#.# ##########(..###.8
#......)().........
#......)).........
#.................
####...########### #.#.#
#...#### ####@..# .#.
#Cz.# ...+
##########...###.. ...#
#....%%.).......... ...#
#)...#%......##... ...#
#....z.)###.......#
...####...z≈............
#.........≈≈≈...#####..
#.##...#...≈≈≈#.# .


You could see a skeletal warrior and a hill giant.

Vanquished Creatures
  The ghost of profreshinal the Grappler, an experienced CeMo of Makhleb (D:11)
  A hydra (D:11)
  2 hill giants
  2 cyclopes
  2 two-headed ogres
  3 slime creatures (D:11)
  Prince Ribbit (D:5)
  2 wyverns
  A wraith (D:11)
  9 yaks
  3 hippogriffs
  Eustachio (D:6)
  An ugly thing (D:10)
  2 hungry ghosts (D:10)
  Edmund (D:5)
  Menkaure (D:6)
  4 manticores
  2 sky beasts
  2 black bears
  5 ice beasts
  7 orc warriors
  8 centaurs
  6 ogres
  2 water moccasins
  A big kobold (D:13)
  Blork the orc (D:6)
  3 giant frogs
  2 brain worms (D:11)
  An eye of draining (D:11)
  A yak zombie (D:13)
  A manticore skeleton (D:10)
  A troll skeleton (D:11)
  A goliath beetle (D:9)
  15 wights
  5 hounds
  9 crimson imps
  A giant frog zombie (D:12)
  A gnoll shaman (D:5)
  An iguana (D:5)
  6 orc priests
  A giant frog skeleton (D:6)
  3 centaur skeletons
  6 worker ants
  13 orc wizards
  4 big kobold zombies
  Jessica (D:2)
  A hound skeleton (D:4)
  2 mummies (Ossuary)
  18 gnolls
  A worm zombie (D:5)
  16 adders
  3 giant mites
  2 worms (D:5)
  An ufetubus (D:6)
  A scorpion zombie (D:5)
  An adder skeleton (D:4)
  An adder zombie (D:6)
  7 giant geckos
  3 oozes
  51 orcs
  9 bats
  7 giant cockroaches
  19 goblins
  16 hobgoblins
  13 jackals
  4 quokkas
  2 ball pythons (D:1)
  4 giant newts
  A gnoll zombie (Ossuary)
  2 goblin zombies (Ossuary)
  A hobgoblin skeleton (D:5)
  7 hobgoblin zombies
  A jackal skeleton (D:4)
  31 kobolds
  An orc skeleton (D:5)
  3 orc zombies
  15 rats
  A rat skeleton (D:8)
392 creatures vanquished.

Vanquished Creatures (collateral kills)
  Fannar (D:12)
  Harold (D:12)
  2 hill giants
  2 slime creatures (D:11)
  A rock worm (D:12)
  2 yaks (D:11)
  A hippogriff (D:11)
  2 orc wizards (D:11)
  2 wights
  A crimson imp (D:9)
  A goliath beetle (D:10)
  A jelly (D:11)
  A hound zombie (D:9)
  2 adders (D:10)
  A giant eyeball (D:12)
  4 orcs (D:11)
25 creatures vanquished.

Vanquished Creatures (others)
  A centaur (D:11)
  A manticore skeleton (D:11)
  A cyclops skeleton (D:11)
  5 yak skeletons
  2 hippogriff skeletons
  A centaur skeleton (D:12)
  A big kobold skeleton (D:13)
  An ogre skeleton (D:11)
  An orc skeleton (D:10)
  2 orc zombies (D:12)
16 creatures vanquished.

Grand Total: 433 creatures vanquished

Notes
Turn   | Place    | Note
--------------------------------------------------------------
     0 | D:1      | Gruud, the Djinni Fighter, began the quest for the Orb.
     0 | D:1      | Reached XP level 1. HP: 16/16 MP: 0/0
   275 | D:1      | Reached XP level 2. EP: 22/22
   353 | D:2      | Noticed Jessica
   371 | D:2      | Killed Jessica
   371 | D:2      | Reached skill level 4 in Polearms
   371 | D:2      | Reached XP level 3. EP: 21/28
   745 | D:2      | Found a burning altar of Makhleb.
   885 | D:2      | Found a sparkling altar of Nemelex Xobeh.
   950 | D:2      | Reached XP level 4. EP: 32/35
  1000 | D:2      | Reached skill level 5 in Polearms
  1776 | D:3      | Reached XP level 5. EP: 35/40
  2202 | D:4      | Reached skill level 6 in Polearms
  2240 | D:4      | Found a sand-covered staircase.
  2245 | Ossuary  | Entered an ossuary
  2314 | Ossuary  | Reached skill level 7 in Polearms
  2314 | Ossuary  | Reached XP level 6. EP: 43/47
  2437 | D:4      | Noticed disskorpion's ghost (average GrMo)
  2917 | D:5      | Entered Level 5 of the Dungeon
  2936 | D:5      | Noticed zkyp's ghost (experienced DrTm)
  3550 | D:5      | Reached skill level 8 in Polearms
  3834 | D:5      | Reached XP level 7. EP: 30/53
  4227 | D:6      | Noticed Prince Ribbit
  4254 | D:5      | Killed Prince Ribbit
  4254 | D:5      | Reached skill level 9 in Polearms
  4381 | D:6      | Noticed Edmund
  4416 | D:5      | Killed Edmund
  4416 | D:5      | Reached skill level 10 in Polearms
  4602 | D:6      | Reached XP level 8. EP: 36/60
  4818 | D:6      | Noticed Blork the orc
  4834 | D:6      | Killed Blork the orc
  4896 | D:6      | Noticed Menkaure
  4901 | D:6      | Killed Menkaure
  4958 | D:6      | HP: 3/60 [poisoned by an adder]
  4959 | D:6      | Reached skill level 11 in Polearms
  5612 | D:6      | Noticed Eustachio
  5844 | D:6      | Killed Eustachio
  5844 | D:6      | Reached skill level 12 in Polearms
  6079 | D:7      | Found a flagged portal.
  6093 | Bailey   | Entered a bailey
  6425 | Bailey   | Noticed spurdo's ghost (experienced GrSk)
  6515 | D:7      | Found a staircase to the Ecumenical Temple.
  6561 | Temple   | Entered the Ecumenical Temple
  6582 | Temple   | Became a worshipper of Kikubaaqudgha
  6859 | D:7      | Noticed a two-headed ogre
  6865 | D:7      | Killed a two-headed ogre
  6865 | D:7      | Reached XP level 9. EP: 65/65
  6947 | D:7      | Reached skill level 13 in Polearms
  7596 | D:8      | Learned a level 1 spell: Animate Skeleton
  7599 | D:8      | Learned a level 1 spell: Apportation
  7720 | D:8      | Reached skill level 1 in Necromancy
  7905 | D:9      | Reached skill level 5 in Armour
  7919 | D:9      | Acquired Kikubaaqudgha's first power
  7919 | D:9      | Received a gift from Kikubaaqudgha
  7920 | D:9      | Identified Kikubaaqudgha's Collected Works on Dark Secrets (Kikubaaqudgha gifted it to you on level 9 of the Dungeon)
  7924 | D:9      | Learned a level 2 spell: Sublimation of Blood
  8287 | D:9      | Found a burning altar of Makhleb.
  8310 | D:9      | Reached XP level 10. EP: 54/72
  8374 | D:9      | Noticed a hill giant
  8397 | D:9      | Killed a hill giant
  8685 | D:9      | Found a white marble altar of Elyvilon.
  8759 | D:9      | Found a snail-covered altar of Cheibriados.
  8875 | D:10     | Entered Level 10 of the Dungeon
  8875 | D:10     | Noticed a hill giant
  8880 | D:10     | Reached skill level 5 in Necromancy
  8887 | D:9      | Killed a hill giant
  9288 | D:10     | Noticed a cyclops
  9302 | D:10     | Killed a cyclops
  9615 | D:10     | Acquired Kikubaaqudgha's second power
  9643 | D:10     | Found Xomot's General Store.
  9652 | D:10     | Bought a +1 elven chain mail for 279 gold pieces
  9652 | D:10     | Bought a scroll of enchant armour for 66 gold pieces
  9652 | D:10     | Bought a scroll of identify for 24 gold pieces
  9652 | D:10     | Bought a scroll of identify for 24 gold pieces
 10170 | D:11     | Reached XP level 11. EP: 71/78
 10180 | D:11     | Reached skill level 10 in Armour
 10336 | D:11     | Noticed a hill giant
 10345 | D:11     | Killed a hill giant
 10496 | D:11     | Found a staircase to the Orcish Mines.
 10505 | D:11     | Received a gift from Kikubaaqudgha
 10509 | D:11     | Identified Kikubaaqudgha's Reference Book on Dark Arts (Kikubaaqudgha gifted it to you on level 11 of the Dungeon)
 10609 | D:11     | Noticed profreshinal's ghost (experienced CeMo)
 10619 | D:11     | Killed profreshinal's ghost
 10669 | D:11     | Noticed a four-headed hydra
 10675 | D:11     | Killed a four-headed hydra
 10683 | D:11     | Reached skill level 5 in Evocations
 10817 | D:11     | Noticed a cyclops
 10825 | D:11     | Killed a cyclops
 10825 | D:11     | Acquired Kikubaaqudgha's third power
 11351 | D:12     | Learned a level 4 spell: Animate Dead
 11382 | D:12     | Noticed Harold
 11387 | D:12     | Noticed a hill giant
 11396 | D:12     | Killed Harold
 11396 | D:12     | Reached skill level 1 in Dodging
 11402 | D:12     | Killed a hill giant
 11432 | D:12     | Found a gateway to a ziggurat.
 11575 | D:12     | Paralysed by a giant eyeball for 3 turns
 11698 | D:13     | Noticed a rakshasa
 11742 | D:13     | Noticed Fannar
 11763 | D:12     | Killed Fannar
 11763 | D:12     | Reached XP level 12. EP: 85/95
 11847 | D:13     | Noticed a skeletal warrior
 11849 | D:13     | Noticed a skeletal warrior
 11850 | D:13     | Noticed a hill giant
 11877 | D:13     | Mangled by a hill giant

Action                   |  1- 3 |  4- 6 |  7- 9 | 10-12 || total
-------------------------+-------+-------+-------+-------++-------
Melee: Trident           |    98 |   447 |   303 |       ||   848
       Halberd           |       |       |   160 |   536 ||   696
 Fire: Blowgun           |       |       |    17 |       ||    17
Throw: Javelin           |       |       |    16 |       ||    16
 Cast: Animate Skeleton  |       |       |     3 |    22 ||    25
       Sublimation of Bl |       |       |       |    69 ||    69
       Animate Dead      |       |       |       |     1 ||     1
Invok: Receive Corpses   |       |       |       |     2 ||     2
Evoke: Wand              |       |       |     5 |    10 ||    15
  Use: Scroll            |       |     8 |    11 |    19 ||    38
       Potion            |       |       |     6 |     3 ||     9
 Stab: Invisible         |       |       |     3 |       ||     3
       Distracted        |       |       |     1 |     2 ||     3
